 Dungeon Crawl Stone Soup version 0.27-a0-951-gae3e1deef5 (webtiles) character file.

Game seed: 3445092979714067088

473 night the Skirmisher (level 7, -1/53 HPs)
             Began as a Djinni Monk on Apr 11, 2021.
             Was a High Priest of Dithmenos.
             Slain by Pikel
             ... wielding a +2 whip of flaming
              (7 damage)
             ... on level 4 of the Dungeon.
             The game lasted 00:11:06 (4766 turns).

night the Skirmisher (Djinni Monk)                  Turns: 4766, Time: 00:11:06

Health: -1/53      AC:  9    Str: 17    XL:     7   Next: 10%
Gold:   130        EV: 13    Int: 14    God:    Dithmenos [*****.] SH:  0 Dex: 15

rFire    + + +     SeeInvis .   r - +3 double sword of Utuwnopt {vamp, rC- Str+7}
rCold    x x .     Faith    .   (no shield)
rNeg     . . .     Spirit   .   B - +1 robe {rF+}
rPois    ∞         Reflect  .   (no helmet)
rElec    .         Harm     .   (no cloak)
rCorr    .         Rampage  .   i - +0 pair of gloves
Will     .....                  (boots unavailable)
Stlth    +++.......             (no amulet)
HPRegen  0.17/turn              (no ring)
MPRegen  0.00/turn              (no ring)

@: ice-armoured, flying, wreathed by umbra
A: fire resistance 2, cold vulnerability 1, float, innate caster, hp casting,
extra vitality 1
a: Renounce Religion, Shadow Step, Shadow Form


You were on level 4 of the Dungeon.
You worshipped Dithmenos.
Dithmenos was extremely pleased with you.
You visited 1 branch of the dungeon, and saw 4 of its levels.
You also visited: Ossuary.

You collected 205 gold pieces.
You spent 75 gold pieces at shops.

Inventory:

Hand Weapons
 a - a +1 long sword
 b - a +0 hunting sling
 e - a +0 falchion
 r - the +3 double sword of Utuwnopt (weapon) {vamp, rC- Str+7}
   (You acquired it in an ossuary)

   It inflicts no extra harm, but heals its wielder when it wounds a living foe.
   It affects your strength (+7).
   It makes you vulnerable to cold.
Missiles
 d - 65 stones (quivered)
 f - 28 arrows
 k - 20 bolts
 m - 33 sling bullets
 y - 4 poisoned darts
Armour
 g - a +0 leather armour
 h - a +0 robe
 i - a +0 pair of gloves (worn)
 B - a +1 robe of fire resistance (worn)
Magical Staves
 c - a staff of death
Jewellery
 l - a +6 ring of dexterity
Wands
 u - a wand of flame (27)
Scrolls
 j - a scroll of fear {unknown}
 o - 2 scrolls of vulnerability
 p - a scroll of blinking
 v - a scroll of amnesia {unknown}
 A - 2 scrolls of teleportation
Potions
 n - a potion of ambrosia {unknown}
 q - a potion of heal wounds {unknown}
 s - 3 potions of curing
 t - a potion of attraction {unknown}
 w - a potion of haste {unknown}
 z - 2 potions of cancellation {unknown}
 C - 2 potions of degeneration {unknown}
 D - a potion of mutation {unknown}


   Skills:
 + Level 4.8 Fighting
 + Level 4.4 Long Blades
 + Level 3.5 Dodging
 + Level 3.1 Stealth
 + Level 2.5 Spellcasting


You had 5 spell levels left.
You knew the following spells:

 Your Spells              Type           Power      Damage    Failure   Level
a - Freeze                Ice            32%        1d5       9%          1
b - Blink                 Tloc           N/A        N/A       12%         2
c - Ozocubu's Armour      Ice            8%         N/A       24%         3
Your spell library was empty.

Dungeon Overview and Level Annotations

Branches:
Dungeon (4/15)            Ossuary (visited)
 Temple: D:4-7

Altars:
Dithmenos

Shops:
D:2 ?

Annotations:
D:4 Pikel


Innate Abilities, Weirdness & Mutations

You are immune to poison.
Your flesh is very heat resistant. (rF++)
You are vulnerable to cold. (rC-)
You float through the air rather than walking.
You learn spells naturally, not from books.
Your magical power is your life essence.
You have superior vitality. (+4 HP)


Message History

Aiming: Freeze (safe; 9% risk of failure)
Press: ? - help, Shift-Dir - straight line, f/p - Pikel
Aim: Pikel, wielding a +2 whip of flaming and wearing a +2 robe of fire resistance (moderately wounded, strong, umbra)
You freeze Pikel.
Pikel is moderately wounded.
Pikel barely misses you.
You riposte.
You closely miss Pikel.
Pikel is moderately wounded.
Casting: Freeze (safe; 9% risk of failure)
Confirm with . or Enter, or press ? or * to list all spells.
Aiming: Freeze (safe; 9% risk of failure)
Press: ? - help, Shift-Dir - straight line, f/p - Pikel
Aim: Pikel, wielding a +2 whip of flaming and wearing a +2 robe of fire resistance (moderately wounded, strong, umbra)
You freeze Pikel.
Pikel is heavily wounded.
Pikel closely misses you.
Casting: Freeze (safe; 9% risk of failure)
Confirm with . or Enter, or press ? or * to list all spells.
A film of ice covers your body!
Pikel hits you with a +2 whip of flaming!!
* * * LOW HITPOINT WARNING * * *
You emit a cloud of dark smoke.
The heat melts your icy armour.
Unknown command.
You hit Pikel but do no damage.
Pikel is heavily wounded.
Pikel closely misses you. Pikel completely misses you.
You riposte.
You slash Pikel!
Pikel is severely wounded.
You completely miss Pikel.
Pikel is severely wounded.
Pikel hits you with a +2 whip of flaming!
* * * LOW HITPOINT WARNING * * *
The heat melts your icy armour.
You closely miss Pikel.
Pikel is severely wounded.
Pikel barely misses you.
You closely miss Pikel.
Pikel is severely wounded.
Pikel hits you with a +2 whip of flaming!
You die...

####...##.....)...÷....... ###
###..#.##...................
#..###............†...........#.#
...............#...............#
...........#...#.##...........##
......##.###.##..#..........##
.......#.5##..55....#........#
....##....5...#K#.§..........##
#.......##.5.###@§###.........#
........##..!# #§§§###........#
.............# ##§§...........#
.............# ##....÷÷###..#..
..(.....###.## #......###..#.#
.(.#..... ... ##........#.....
...##.g.. ... #...........#.. ..
...## ...g........###
#.............##


You could see Pikel (strong) and 2 lemures.

Vanquished Creatures
  A scorpion (D:4)
  2 orc priests (D:4)
  2 hounds (D:4)
  Jessica (D:3)
  An iguana (D:4)
  A mummy (Ossuary)
  4 gnolls (D:4)
  5 adders
  A worm zombie (D:4)
  2 dart slugs (D:1)
  4 orcs
  4 spectral bats (Ossuary)
  7 endoplasms
  4 giant cockroaches
  12 gnoll zombies (Ossuary)
  11 goblins
  5 hobgoblins
  9 jackals (D:1)
  4 kobolds
  6 quokkas
  11 ball pythons
  6 bats
  A bat simulacrum (Ossuary)
  3 frilled lizards (D:1)
  3 goblin simulacra (Ossuary)
  3 goblin zombies (Ossuary)
  4 hobgoblin zombies (Ossuary)
  5 kobold simulacra (Ossuary)
  8 kobold zombies (Ossuary)
  3 orc zombies (Ossuary)
  6 rats
  2 rat simulacra (Ossuary)
  A rat zombie (D:4)
  7 spectral goblins (Ossuary)
  3 spectral kobolds (Ossuary)
  6 spectral rats (Ossuary)
158 creatures vanquished.

Notes
Turn   | Place    | Note
-------+----------+-------------------------------------------
     0 | D:1      | night the Djinni Monk began the quest for the Orb.
     0 | D:1      | Reached XP level 1. HP: 20/20 MP: 0/0
   200 | D:1      | Reached XP level 2. HP: 25/25 MP: 0/0
   700 | D:1      | Reached XP level 3. HP: 21/30 MP: 0/0
   700 | D:1      | Learned a level 1 spell: Freeze
  1580 | D:2      | Reached skill level 1 in Spellcasting
  1710 | D:2      | Found a faded altar of an unknown god.
  1713 | D:2      | Reached XP level 4. HP: 37/37 MP: 0/0
  1734 | D:2      | Became a worshipper of Dithmenos the Shadowed
  1734 | D:2      | Reached * piety under Dithmenos
  1734 | D:2      | Reached ** piety under Dithmenos
  2168 | D:2      | Reached *** piety under Dithmenos
  2481 | D:2      | Found Cumus's Magic Scroll Boutique.
  2488 | D:2      | Bought a scroll of blinking for 75 gold pieces
  3117 | D:3      | Noticed Jessica
  3134 | D:3      | Killed Jessica
  3135 | D:3      | Reached skill level 2 in Stealth
  3135 | D:3      | Reached XP level 5. HP: 22/41 MP: 0/0
  3135 | D:3      | Learned a level 2 spell: Blink
  3785 | D:4      | Found a sand-covered staircase.
  3802 | Ossuary  | Entered an ossuary
  3864 | Ossuary  | Reached **** piety under Dithmenos
  3867 | Ossuary  | Reached XP level 6. HP: 48/48 MP: 0/0
  4023 | Ossuary  | Reached skill level 2 in Spellcasting
  4099 | Ossuary  | Identified a scroll of acquirement
  4099 | Ossuary  | Acquired the +3 double sword of Utuwnopt {vamp, rC- Str+7}
  4182 | Ossuary  | Reached ***** piety under Dithmenos
  4557 | D:4      | Reached XP level 7. HP: 27/53 MP: 0/0
  4557 | D:4      | Learned a level 3 spell: Ozocubu's Armour
  4737 | D:4      | Noticed Pikel
  4764 | D:4      | HP: 6/53 [Pikel/+2 whip of flaming (8)]
  4766 | D:4      | Slain by Pikel

Illustrated notes

Levels and vault maps discovered:
D:1:      dpeg_arrival_rooms_b, layout_loops_ring, grunt_decor_clamped,
          minmay_misc_feat_secret_circle, minmay_tetromino_t4
D:2:      layout_basic, serial_shops, nicolae_shop_trees,
          hellmonk_ecumenical_altar_pennies_from_heaven,
          kennysheep_generic_room_2
D:3:      layout_rooms, minmay_misc_feat_rugged, uniq_jessica
D:4:      layout_cave_pools, enter_ossuary_3, uniq_edmund, uniq_pikel

Skill      XL: |  1  2  3  4  5  6 |
---------------+-------------------+-----
Long Blades    | 3 4 |  4.4
Spellcasting   | 1 2 |  2.5
Fighting       | 4 |  4.8
Stealth        | 2 3 |  3.1
Dodging        | |  3.5

Action                   |  1- 3 |  4- 6 |  7- 9 || total
-------------------------+-------+-------+-------++-------
Melee: Falchion          |    86 |    31 |       ||   117
       Long sword        |       |   178 |       ||   178
       Double sword      |       |    46 |    20 ||    66
 Fire: Hunting sling     |    30 |    33 |       ||    63
Throw: Stone             |     8 |       |       ||     8
       Dart              |       |       |     2 ||     2
 Cast: Freeze            |    12 |     1 |     2 ||    15
       Blink             |       |     1 |       ||     1
       Ozocubu's Armour  |       |       |     2 ||     2
  Use: Scroll            |       |    10 |       ||    10
 Stab: Sleeping          |     3 |    16 |       ||    19
Armor: Robe              |    12 |    27 |     1 ||    40
       Leather armour    |    14 |    15 |       ||    29
Dodge: Dodged            |    85 |   197 |    14 ||   296
       Rpst.: Falchion   |    24 |     7 |       ||    31
       Long sword        |       |    39 |       ||    39
       Double sword      |       |    10 |     5 ||    15

Table legend: (Time is in decaauts)
 A = Elapsed time spent in this place.
 B = Non-inter-level travel time spent in this place.
 C = Inter-level travel time spent in this place.
 D = Time resting spent in this place.
 E = Time spent auto-exploring this place.
 F = Levels seen in this place.
 G = Mean time per level.
                   A        B        C        D        E       F      G
               +--------+--------+--------+--------+--------+-----+--------+
         Total |   4838 |   4740 |     98 |    123 |   3425 |   5 |  967.6 |
       Dungeon |   4281 |   4183 |     98 |    115 |   3227 |   4 | 1070.2 |
       Ossuary |    557 |    557 |      0 |      8 |    198 |   1 |  557.0 |
               +--------+--------+--------+--------+--------+-----+--------+

Top non-repeatable levels by time:
     D:1: 1569 daAuts
     D:2: 1407 daAuts
     D:3: 803 daAuts
 Ossuary: 557 daAuts
     D:4: 501 daAuts
